 Dungeon Crawl Stone Soup version 0.29-a0-330-g52719c12eb (webtiles) character file.

Game seed: 5836084109632062178

1180 Maratek the Spear-Bearer (level 8, -9/71 HPs)
             Began as a Gnoll Wanderer on May 13, 2022.
             Mangled by an ogre
             ... wielding a +0 giant club
              (23 damage)
             ... on level 6 of the Dungeon on May 17, 2022.
             The game lasted 00:16:50 (4764 turns).

Maratek the Spear-Bearer (Gnoll Wanderer)           Turns: 4764, Time: 00:16:51

Health: -9/71      AC:  5    Str: 14    XL:     8   Next: 42%
Magic:  12/12      EV: 13    Int:  9    God:
Gold:   183        SH:  0    Dex: 14    Spells: 13/13 levels left

rFire   . . .      SeeInvis .   n - +3 quarterstaff (chaos)
rCold   . . .      Faith    .   (shield currently unavailable)
rNeg    . . .      Spirit   .   j - +2 robe {Will+}
rPois   .          Reflect  .   (no helmet)
rElec   .          Harm     .   (no cloak)
rCorr   +          Rampage  .   l - +0 pair of gloves
Will    +....                   (no boots)
Stlth   ++........              (no amulet)
HPRegen 0.21/turn               f - ring of wizardry
MPRegen 0.13/turn               o - ring of resist corrosion

@: no status effects
A: fangs 1, strong nose, distributed training
a: no special abilities


You were on level 6 of the Dungeon.
You visited 1 branch of the dungeon, and saw 6 of its levels.

You collected 183 gold pieces.

Inventory:

Hand Weapons
 a - a +3 spear
 n - a +3 quarterstaff of chaos (weapon)
Armour
 b - a +0 ring mail
 j - a +2 robe of willpower (worn)
 l - a +0 pair of gloves (worn)
Jewellery
 f - a ring of wizardry (left hand)
 k - a ring of flight
 o - a ring of resist corrosion (right hand)
 r - a ring of see invisible
Wands
 i - a wand of flame (24)
Scrolls
 c - a scroll of amnesia
 d - 3 scrolls of teleportation
 g - a scroll of fear
 h - a scroll of vulnerability
Potions
 p - 2 potions of flight {unknown}


   Skills:
 + Level 9.2 Fighting
 + Level 3.2 Short Blades
 + Level 3.2 Long Blades
 + Level 3.2 Axes
 + Level 3.2 Maces & Flails
 + Level 9.2 Polearms
 + Level 3.2 Staves
 + Level 3.2 Slings
 + Level 3.2 Bows
 + Level 3.2 Crossbows
 + Level 3.2 Throwing
 + Level 5.6 Armour
 + Level 3.2 Dodging
 + Level 3.2 Stealth
 + Level 3.2 Shields
 + Level 3.2 Unarmed Combat
 + Level 3.2 Spellcasting
 + Level 2.6 Conjurations
 + Level 2.6 Hexes
 + Level 2.6 Summonings
 + Level 2.6 Necromancy
 + Level 2.6 Translocations
 + Level 2.6 Transmutations
 + Level 2.6 Fire Magic
 + Level 2.6 Ice Magic
 + Level 2.6 Air Magic
 + Level 2.6 Earth Magic
 + Level 2.6 Poison Magic
 + Level 3.5 Invocations
 + Level 3.2 Evocations


You had 13 spell levels left.
You didn't know any spells.
Your spell library contained the following spells:

 Spells                   Type           Power      Damage    Failure   Level
 Blink                    Tloc           12%        N/A       6%          2
 Manifold Assault         Tloc           6%         N/A       69%         5
 Storm Form               Tmut/Air       3%         N/A       100%        7


Dungeon Overview and Level Annotations

Branches:
Dungeon (6/15)             Temple (0/1) D:5

Altars:
Ashenzari
Cheibriados
Kikubaaqudgha

Shops:
D:1 (   D:2 [


Innate Abilities, Weirdness & Mutations

You have very sharp teeth.
Your uncanny sense of smell can sniff out nearby items.
Your experience applies equally to all skills.


Message History

There is a strange disturbance nearby!
There is a strange disturbance nearby!
There is a strange disturbance nearby!
There is a strange disturbance nearby!
Something hits you but does no damage.
You see here a scroll of immolation.
Found an escape hatch in the ceiling.
An adder comes into view.
Something hits you but does no damage.
An iguana and an ogre come into view.
Found 13 gold pieces.
The iguana hisses angrily.
The ogre shouts!
You thump the adder!
You kill the adder!
Something hits you but does no damage.
You barely miss the iguana. The iguana closely misses you.
Something hits you but does no damage.
You closely miss the iguana. The iguana bites you. Something hits you.
Something shocks you. The ogre hits you with a +0 giant club!
Something hits you. Something shocks you. The iguana bites you!
You are too injured to fight recklessly!
You are too injured to fight recklessly!
You are too injured to fight recklessly!
You are too injured to fight recklessly!
You are too injured to fight recklessly!
You hit the iguana.
The iguana seems to grow stronger.
The iguana is lightly wounded.
The iguana bites you. Something barely misses you.
You barely miss the iguana.
The iguana is lightly wounded.
The ogre misses you. The iguana closely misses you.
A sky beast appears from thin air!
Reactivating autopickup.
The sky beast closely misses you.
You closely miss the iguana.
The iguana is lightly wounded.
The iguana bites you!!
* * * LOW HITPOINT WARNING * * *
The ogre hits you with a +0 giant club!!
You die...

$.. #... #.# .# .
#... ###.#.. ..
#<.. ..#.#. ...
#.(. #.#.. ..
#...###.#.##.####
#....##.#.O..<..#
###....##.Y@l......
#......?....##.#..#
##.#.........##.
..........#....#
........<....#.#
......##.#....$..
....<. #.#.#.#.#.#
...... ........#.#
...##.#####..### #


You could see a sky beast, an ogre and an iguana (strong).

Vanquished Creatures
  Sigmund (D:2)
  A water moccasin (D:3)
  A sky beast (D:5)
  An ogre (D:5)
  A centaur (D:5)
  A phantom (D:5)
  A bullfrog (D:3)
  A scorpion (D:5)
  A howler monkey (D:5)
  4 hounds
  Crazy Yiuf (D:2)
  2 iguanas (D:4)
  2 orc wizards (D:4)
  Robin (D:2)
  7 adders
  A white imp (D:5)
  3 worms
  2 dart slugs
  12 orcs
  7 bats
  6 endoplasms
  2 giant cockroaches (D:2)
  13 goblins
  8 hobgoblins
  6 jackals
  3 quokkas
  5 ball pythons
  8 frilled lizards
  5 kobolds
  9 rats
116 creatures vanquished.

Notes
Turn   | Place    | Note
-------+----------+-------------------------------------------
     0 | D:1      | Maratek the Gnoll Wanderer began the quest for the Orb.
     0 | D:1      | Maratek set off with the following items: a +3 spear, a +0
                  | ring mail, a potion of berserk rage
     0 | D:1      | Reached XP level 1. HP: 26/26 MP: 1/1
   197 | D:1      | Reached XP level 2. HP: 32/33 MP: 2/2
   278 | D:1      | Found Tiskin Viti's Weapon Boutique.
   826 | D:2      | Reached XP level 3. HP: 38/38 MP: 3/3
  1081 | D:2      | Reached skill level 1 in Invocations
  1104 | D:2      | Reached skill level 1 in Short Blades
  1104 | D:2      | Reached skill level 1 in Long Blades
  1104 | D:2      | Reached skill level 1 in Axes
  1104 | D:2      | Reached skill level 1 in Maces & Flails
  1104 | D:2      | Reached skill level 1 in Staves
  1104 | D:2      | Reached skill level 1 in Slings
  1104 | D:2      | Reached skill level 1 in Bows
  1104 | D:2      | Reached skill level 1 in Crossbows
  1104 | D:2      | Reached skill level 1 in Throwing
  1104 | D:2      | Reached skill level 1 in Dodging
  1104 | D:2      | Reached skill level 1 in Stealth
  1104 | D:2      | Reached skill level 1 in Shields
  1104 | D:2      | Reached skill level 1 in Unarmed Combat
  1104 | D:2      | Reached skill level 1 in Spellcasting
  1104 | D:2      | Reached skill level 1 in Evocations
  1110 | D:2      | Found Cutehegi's Armour Boutique.
  1131 | D:2      | Reached XP level 4. HP: 38/45 MP: 5/5
  1138 | D:2      | Noticed Robin
  1146 | D:2      | Killed Robin
  1253 | D:2      | Noticed Sigmund
  1292 | D:2      | Killed Sigmund
  1293 | D:2      | Reached skill level 1 in Conjurations
  1293 | D:2      | Reached skill level 1 in Hexes
  1293 | D:2      | Reached skill level 1 in Summonings
  1293 | D:2      | Reached skill level 1 in Necromancy
  1293 | D:2      | Reached skill level 1 in Translocations
  1293 | D:2      | Reached skill level 1 in Transmutations
  1293 | D:2      | Reached skill level 1 in Fire Magic
  1293 | D:2      | Reached skill level 1 in Ice Magic
  1293 | D:2      | Reached skill level 1 in Air Magic
  1293 | D:2      | Reached skill level 1 in Earth Magic
  1293 | D:2      | Reached skill level 1 in Poison Magic
  1293 | D:2      | Reached XP level 5. HP: 39/51 MP: 5/7
  1293 | D:2      | Reached XP level 6. HP: 44/57 MP: 5/8
  1675 | D:2      | Found a runed translucent door.
  1676 | D:2      | Noticed Crazy Yiuf
  1723 | D:2      | Killed Crazy Yiuf
  1904 | D:3      | Noticed a water moccasin
  1916 | D:3      | Killed a water moccasin
  1917 | D:3      | Reached skill level 5 in Armour
  2052 | D:3      | Reached XP level 7. HP: 52/63 MP: 10/10
  2380 | D:3      | Found an ancient bone altar of Kikubaaqudgha.
  2424 | D:3      | Found a broken altar of Ashenzari.
  2559 | D:3      | Found a snail-covered altar of Cheibriados.
  3911 | D:5      | Entered Level 5 of the Dungeon
  3956 | D:5      | Found a staircase to the Ecumenical Temple.
  4266 | D:5      | Reached XP level 8. HP: 38/71 MP: 12/12
  4764 | D:6      | Mangled by an ogre

Illustrated notes

Levels and vault maps discovered:
D:1:      scummos_arrival_gate, layout_loops_ring, serial_shops,
          nicolae_shop_bloodbath_and_beyond, minivault_4, minmay_tromino_i4
D:2:      layout_basic, serial_shops, shop, uniq_robin, uniq_sigmund,
          uniq_crazy_yiuf_cottage
D:3:      layout_loops_ring, kennysheep_slug_shrine,
          mainiacjoe_overflow_catwalk_spiral, chequers_serial_rivers_micro_e
D:4:      minmay_wonky_spiral, layout_basic
D:5:      layout_loops_ring, minmay_temple_entry_mist, minmay_misc_feat_plants,
          hangedman_decor_clover_reticule
D:6:      layout_loops_cross, gammafunk_ghost_nasty_kobolds,
          mrwooster_statue_mirror, uniq_grinder, uniq_menkaure

Skill      XL: |  1  2  3  4  5  6  7  8 |
---------------+-------------------------+-----
Invocations    | 1 2 3 |  3.5
Short Blades   | 1 2 3 |  3.2
Long Blades    | 1 2 3 |  3.2
Axes           | 1 2 3 |  3.2
Maces & Flails | 1 2 3 |  3.2
Staves         | 1 2 3 |  3.2
Slings         | 1 2 3 |  3.2
Bows           | 1 2 3 |  3.2
Crossbows      | 1 2 3 |  3.2
Throwing       | 1 2 3 |  3.2
Dodging        | 1 2 3 |  3.2
Stealth        | 1 2 3 |  3.2
Shields        | 1 2 3 |  3.2
Unarmed Combat | 1 2 3 |  3.2
Spellcasting   | 1 2 3 |  3.2
Evocations     | 1 2 3 |  3.2
Conjurations   | 1 2 |  2.6
Hexes          | 1 2 |  2.6
Summonings     | 1 2 |  2.6
Necromancy     | 1 2 |  2.6
Translocations | 1 2 |  2.6
Transmutations | 1 2 |  2.6
Fire Magic     | 1 2 |  2.6
Ice Magic      | 1 2 |  2.6
Air Magic      | 1 2 |  2.6
Earth Magic    | 1 2 |  2.6
Poison Magic   | 1 2 |  2.6
Armour         | 5 |  5.6
Fighting       | 9 |  9.2
Polearms       | 9 |  9.2

Action                   |  1- 3 |  4- 6 |  7- 9 || total
-------------------------+-------+-------+-------++-------
Melee: Spear             |   108 |    59 |       ||   167
       Bite              |     4 |     4 |    15 ||    23
       Punch             |       |     1 |       ||     1
       Quarterstaff      |       |    19 |   166 ||   185
Evoke: Wand              |       |       |     4 ||     4
  Use: Potion            |     1 |     4 |     4 ||     9
       Scroll            |       |     5 |     7 ||    12
 Stab: Distracted        |       |     1 |     2 ||     3
       Sleeping          |       |     3 |     6 ||     9
       Invisible         |       |     1 |       ||     1
Armor: Ring mail         |    19 |     5 |       ||    24
       Robe              |       |     5 |    52 ||    57
Dodge: Dodged            |    22 |    30 |   132 ||   184

Table legend: (Time is in decaauts)
 A = Elapsed time spent in this place.
 B = Non-inter-level travel time spent in this place.
 C = Inter-level travel time spent in this place.
 D = Time resting spent in this place.
 E = Time spent auto-exploring this place.
 F = Levels seen in this place.
 G = Mean time per level.
                   A        B        C        D        E       F      G
               +--------+--------+--------+--------+--------+-----+--------+
         Total |   4757 |   4733 |     24 |      0 |   3793 |   6 |  792.8 |
       Dungeon |   4757 |   4733 |     24 |      0 |   3793 |   6 |  792.8 |
               +--------+--------+--------+--------+--------+-----+--------+

Top non-repeatable levels by time:
     D:4: 1107 daAuts
     D:2: 1062 daAuts
     D:3: 946 daAuts
     D:5: 840 daAuts
     D:1: 780 daAuts
     D:6: 20 daAuts
